AoeStats
← luca.curcio.2001

Arena

508280285Analyzed
3v3 RM · 10d ago on Sep 21, 2026· 19m 53s· 6 players
Game mode
Random Map
Map size
Normal (6 player)
Population
200
Speed
Normal
Resources
Standard
Victory
Conquest
Starting age
Dark Age
Ending age
Imperial Age
RankedLock teamsTeams togetherTeam positionsShared explorationLock speedFull tech treeHidden civsTurbo modeCheats
Victory
Defeat
🇳🇱 Britons · Netherlands
996
+17
🇳🇱 Franks · Netherlands
987
+17
🇳🇱 Ethiopians · Netherlands
956
+19
🇫🇷 Spanish · France
1069
-20
🇮🇹 Sicilians · Italy
1003
-41
🇫🇷 Britons · France
971
-16
Evobax
11:58 Feudal Age
16:33 Castle Age
14:43 Double-Bit Axe
14:41 Horse Collar
15:38 Loom
16:29 Wheelbarrow
17:56 Bow Saw
17:49 Heavy Plow
Unknown-Ben
12:08 Feudal Age
16:36 Castle Age
15:21 Double-Bit Axe
15:18 Horse Collar
15:32 Stone Mining
15:57 Gold Mining
17:28 Bow Saw
luca.curcio.2001
13:15 Feudal Age
14:41 Wheelbarrow
13:55 Double-Bit Axe
14:34 Town Watch
19:06 Horse Collar
leonie
7:09 Loom
9:54 Feudal Age
11:09 Double-Bit Axe
11:14 Horse Collar
16:24 Castle Age
16:02 Fletching
16:12 Padded Archer Armor
18:21 Crossbowman
18:59 Bodkin Arrow
patythegod
8:22 Loom
10:08 Feudal Age
12:37 Loom
15:32 Castle Age
14:20 Double-Bit Axe
16:23 Bow Saw
taxy10
8:25 Loom
10:13 Feudal Age
15:58 Castle Age
14:14 Double-Bit Axe
16:37 Scale Barding Armor
Connection lost

Rejoining the realm…

Still unreachable

The connection could not be restored.

Session expired

The server has moved on; the page needs a fresh start.